Map: Undercurrent LE

Players

Darius

  • Race: Protoss Protoss
  • League: Silver
  • Spawn Location: 3:00

WeAreLegion

  • Race: Terran Terran
  • League: Silver
  • Spawn Location: 1:00

Loading - Winner!

  • Race: Terran Terran
  • Spawn Location: 7:00

Omachucador - Winner!

  • Race: Terran Terran
  • League: Gold
  • Spawn Location: 7:00

VOD

Have the link to the VOD?

Description

Time

  • Played on: Dec. 5, 2024, 9:59 p.m.
  • Length: 14:25
Show
View Real Time Build Order
Export as new Build Order

Darius Protoss 

Build Orders: Dark Templar Rush 

Get SALT Encoding   

  12  0:03  Probe  
  13  0:15  Probe  
  13  0:20  Pylon  
  14  0:27  Probe  
  15  0:39  Probe  
  15  0:40  Gateway  
  16  0:47  Assimilator  
  16  0:48  Probe  
  16  0:56  Probe  
  17  0:57  Assimilator  
  18  1:06  Probe  
  19  1:17  Forge  
  19  1:18  Probe  
  20  1:29  Cybernetics Core  
  20  1:30  Probe  
  21  1:42  Probe  
  22  1:54  Photon Cannon  
  22  1:58  Pylon  
  22  1:59  Probe  
  23  2:12  Robotics Facility  
  23  2:16  Probe  
  23  2:19  Warp Gate  
  24  2:24  Photon Cannon  
  24  2:37  Twilight Council  
  24  2:50  Pylon  
  24  2:58  Warp Prism  
  26  3:06  Pylon  
  26  3:14  Dark Shrine  
  26  3:29  Gateway  
  26  3:31  Gateway  
  26  3:41  Gateway  
  26  4:16  Nexus  
  26  4:33  Pylon  
  26  4:36  Observer  
  26  4:38  Stalker x3  
  33  4:48  Stalker  
  35  4:55  Photon Cannon  
  27  5:33  Probe  
  27  5:41  Probe  
  28  5:49  Probe  
  30  5:59  Stalker  
  30  6:00  Stalker  
  30  6:01  Probe  
  30  6:03  Probe  
  36  6:12  Probe x2  
  38  6:20  Probe  
  39  6:30  Probe  
  40  6:35  Protoss Ground Weapons Level 1  
  40  6:38  Blink  
  40  6:40  Probe  
  41  6:48  Probe  
  42  6:58  Probe  
  42  7:00  Assimilator  
  43  7:03  Assimilator  
  43  7:05  Templar Archives  
  43  7:12  Photon Cannon  
  43  7:20  Shield Battery, Probe  
  44  7:32  Probe  
  45  7:45  Sentry  
  45  7:46  Sentry, Psionic Storm  
  45  7:47  Stalker x2  
  45  7:50  Probe  
  53  7:58  Probe  
  55  8:08  Probe  
  55  8:14  Stalker x2  
  59  8:20  Probe  
  60  8:29  High Templar  
  60  8:30  High Templar  
  64  8:37  Stalker  
  64  8:39  Stalker  
  56  9:16  Stalker x4  
  64  9:28  Probe x2  
  66  9:40  Probe x2  
  66  9:43  Nexus  
  68  9:48  High Templar  
  68  9:52  Probe x2  
  70  10:00  Pylon  
  70  10:03  Pylon  
  70  10:04  Pylon  
  70  10:09  Assimilator  
  70  10:13  Assimilator  
  70  10:30  High Templar  
  70  10:31  High Templar x3  
  70  10:35  Archon x2  
  78  10:41  Immortal  
  82  10:49  Robotics Facility  
  80  11:19  Protoss Ground Weapons Level 2  
  56  11:37  Dark Templar x4  
  52  11:40  Immortal  
  52  11:43  Immortal  
  60  12:03  Gateway x2  
  60  12:05  Gateway  
  60  12:08  Gateway  
  60  12:16  Stalker x3  
  65  12:28  Stalker  
  43  12:43  Dark Templar x2  
  43  12:44  Dark Templar  
  18  13:10  Dark Templar  
  16  13:16  Dark Templar  
  16  13:17  Dark Templar x2  
  22  13:36  Warp Prism  
  24  13:44  Stalker  
  24  13:47  Stalker  
  28  13:49  Stalker  
  28  13:51  Stalker  
Show
View Real Time Build Order
Export as new Build Order

WeAreLegion Terran 

Build Orders: Reaper Expand 

Get SALT Encoding   

  12  0:00  SCV  
  13  0:12  SCV  
  14  0:18  Supply Depot  
  14  0:25  SCV  
  15  0:40  SCV  
  15  0:42  Barracks  
  16  0:49  Refinery  
  16  0:52  SCV  
  17  1:01  Supply Depot  
  17  1:04  SCV  
  18  1:16  SCV  
  19  1:28  Orbital Command  
  19  1:32  Reaper  
  20  1:53  Command Center  
  20  2:05  SCV  
  20  2:07  Marine  
  22  2:12  Factory  
  22  2:17  Refinery  
  22  2:18  SCV  
  23  2:28  Reaper  
  24  2:32  SCV  
  25  2:44  SCV  
  26  2:56  SCV  
  26  2:58  Starport  
  27  3:02  Widow Mine  
  29  3:08  SCV  
  30  3:13  Barracks Reactor  
  30  3:18  Orbital Command  
  30  3:20  SCV  
  30  3:23  Widow Mine  
  33  3:32  SCV  
  34  3:40  Engineering Bay  
  34  3:43  Supply Depot  
  34  3:44  SCV  
  34  3:45  Medivac  
  34  3:47  Factory Tech Lab  
  37  3:50  SCV  
  37  3:51  Marine  
  37  3:52  Marine  
  40  3:56  SCV  
  40  4:02  SCV, Barracks  
  42  4:08  SCV  
  43  4:14  SCV, Refinery  
  43  4:15  Siege Tank  
  47  4:22  SCV, Marine  
  49  4:26  Starport Tech Lab, SCV  
  50  4:34  SCV  
  51  4:44  Marine x2  
  53  4:52  Barracks  
  53  4:53  Barracks Tech Lab  
  53  5:01  Marine  
  54  5:38  Interference Matrix  
  54  5:41  Barracks Tech Lab  
  54  5:52  SCV, Marine x3  
  54  5:53  Raven, SCV  
  54  5:55  Supply Depot  
  54  5:56  Supply Depot  
  61  6:00  Siege Tank  
  55  6:05  SCV x2  
  55  6:10  Marine x3  
  60  6:17  SCV x2  
  62  6:19  Terran Infantry Weapons Level 1, Refinery  
  62  6:20  Stimpack  
  62  6:22  Combat Shield  
  62  6:25  Marine  
  62  6:27  Raven  
  62  6:28  Marine x3  
  62  6:29  SCV x2  
  69  6:41  SCV x2  
  69  6:46  Marine x2, Marauder  
  74  6:59  SCV x2  
  74  7:01  Marine  
  76  7:03  Marine  
  78  7:16  Marine  
  78  7:17  SCV x2, Marauder, Siege Tank  
  78  7:19  Supply Depot  
  86  7:24  Supply Depot  
  86  7:26  Marine x2  
  86  7:27  Viking  
  86  7:29  SCV  
  91  7:33  Barracks  
  91  7:34  Marine, Barracks  
  92  7:38  Marauder  
  92  7:43  Supply Depot  
  94  7:44  Marine  
  94  7:45  Marauder  
  94  7:47  Supply Depot  
  94  7:49  Siege Tank  
  100  7:52  Marine  
  100  7:53  Missile Turret  
  100  7:55  Missile Turret  
  103  7:59  Marine  
  103  8:00  Concussive Shells  
  103  8:02  Marine, Missile Turret  
  103  8:03  Missile Turret  
  103  8:04  Command Center  
  105  8:06  Marauder  
  105  8:10  Marine  
  106  8:14  Starport Reactor, Barracks  
  106  8:18  Marauder  
  108  8:20  Marine  
  108  8:21  Siege Tank  
  112  8:28  Marine, Marauder  
  112  8:29  Barracks Reactor x2  
  115  8:34  Supply Depot  
  115  8:36  Supply Depot  
  115  8:38  Armory  
  115  8:39  Marauder  
  117  8:42  Terran Infantry Armor Level 1  
  117  8:43  Engineering Bay  
  117  8:49  Marauder  
  119  8:58  Supply Depot  
  119  8:59  Supply Depot  
  119  9:00  Marauder  
  112  9:39  Marine  
  112  9:40  Marine x7  
  112  9:41  Marauder  
  112  9:43  Thor  
  128  9:45  Liberator  
  128  9:46  Liberator  
  134  9:55  SCV x2  
  134  9:58  Marauder  
  134  9:59  Marauder  
  140  10:02  Marauder  
  142  10:07  SCV x2  
  142  10:12  Supply Depot  
  144  10:14  Terran Ship Weapons Level 1  
  144  10:19  Supply Depot, SCV  
  144  10:20  Marauder x2  
  149  10:24  Marauder  
  149  10:25  Thor  
  149  10:26  Refinery  
  149  10:28  Orbital Command, Refinery  
  157  10:34  Supply Depot  
  157  10:57  Supply Depot  
  157  11:20  Supply Depot  
  96  11:48  Marine x7  
  96  11:49  Marauder x2  
  96  11:50  Siege Tank  
  100  12:06  Marine x5  
  100  12:07  Marauder  
  107  12:11  Marauder x2  
  107  12:14  Barracks  
  107  12:15  Barracks  
  111  12:17  Factory  
  111  12:22  Siege Tank  
  105  12:28  Marauder  
  105  12:32  Marauder x2  
  66  12:50  Marauder  
  68  12:53  Marauder x2  
  68  12:54  Siege Tank  
  68  12:55  Marine x2  
  77  13:00  Liberator x2  
  74  13:12  Marine  
  74  13:13  Marine  
  74  13:14  Marine  
  74  13:17  Marine x2  
  78  13:26  Siege Tank  
  80  13:30  Marine x2  
  80  13:33  Marauder  
  82  13:35  Marine  
  80  13:54  Marine, Marauder  
  80  13:55  Marine  
Show
View Real Time Build Order
Export as new Build Order

Loading Terran - Winner!

Build Orders:  

Get SALT Encoding   

  12  0:02  SCV  
  13  0:14  SCV  
  13  0:21  Supply Depot  
  14  0:26  SCV  
  15  0:44  Barracks  
  15  0:45  SCV  
  16  0:57  SCV  
  17  1:09  SCV  
  18  1:18  Command Center  
  18  1:25  SCV  
  19  1:27  Refinery  
  19  1:32  Refinery  
  19  1:34  Marine  
  20  1:42  Supply Depot  
  20  1:45  SCV  
  21  1:52  Marine  
  22  2:04  SCV  
  23  2:10  Marine  
  24  2:16  SCV  
  25  2:24  Barracks  
  25  2:28  SCV, Marine  
  27  2:34  SCV  
  28  2:43  Factory  
  28  2:44  Orbital Command  
  28  2:48  Marine  
  29  2:52  SCV  
  30  3:05  Marine  
  30  3:11  SCV  
  33  3:14  Orbital Command  
  32  3:23  SCV  
  33  3:30  Barracks Tech Lab, Engineering Bay  
  33  3:31  Marine  
  34  3:36  SCV  
  35  3:48  Marine  
  35  3:54  SCV x2  
  35  3:55  Factory Tech Lab  
  38  4:05  Missile Turret  
  38  4:08  SCV x2  
  38  4:09  Missile Turret  
  40  4:12  Missile Turret  
  40  4:15  Missile Turret  
  40  4:20  Missile Turret  
  40  4:22  Marauder  
  40  4:23  Marine  
  43  4:27  SCV  
  43  4:28  SCV  
  45  4:39  SCV  
  45  4:41  Missile Turret  
  45  4:44  Missile Turret  
  46  4:48  Supply Depot  
  46  5:02  Missile Turret  
  46  5:05  Barracks  
  46  5:09  SCV x2, Marine  
  46  5:12  Missile Turret  
  46  5:13  Supply Depot  
  49  5:18  Missile Turret  
  49  5:21  SCV, Missile Turret  
  49  5:27  SCV  
  51  5:33  SCV  
  51  5:35  Siege Tank  
  55  5:38  Marauder  
  55  5:39  SCV  
  58  5:54  SCV x2, Refinery  
  58  5:55  Refinery  
  60  6:01  Supply Depot  
  60  6:06  SCV x2  
  60  6:07  Barracks Reactor  
  62  6:11  Barracks  
  62  6:19  Starport  
  62  6:22  Siege Tank  
  62  6:24  SCV  
  66  6:30  Supply Depot  
  66  6:31  Marauder  
  66  6:32  Supply Depot, Stimpack  
  68  6:39  Barracks Reactor  
  68  6:55  Siege Tank  
  71  7:09  Barracks Tech Lab  
  71  7:12  Starport Reactor, Factory  
  71  7:13  Terran Infantry Weapons Level 1  
  71  7:17  Engineering Bay, Command Center  
  71  7:24  Marine x3  
  71  7:25  Marine  
  71  7:26  Marauder  
  77  7:37  Siege Tank  
  80  7:48  Medivac  
  80  7:49  Medivac  
  80  7:50  Marine x2  
  86  7:58  Supply Depot  
  86  8:05  Supply Depot  
  86  8:07  Supply Depot, Factory Tech Lab  
  86  8:11  Armory  
  86  8:20  Marine x2, Marauder x2, Medivac  
  86  8:26  Medivac  
  96  8:32  Marine x2  
  98  8:38  Marine x2  
  100  8:42  Marauder x2  
  104  8:57  Ghost Academy  
  104  9:03  Marauder  
  104  9:05  Liberator  
  104  9:06  Liberator  
  112  9:21  Siege Tank x2  
  118  9:24  Terran Infantry Weapons Level 2  
  118  9:25  Terran Infantry Armor Level 1  
  118  9:33  Orbital Command  
  118  9:40  Missile Turret  
  118  9:41  Missile Turret  
  118  9:59  Marine x2  
  121  10:00  Marine, Marauder x2  
  125  10:27  Supply Depot  
  125  10:38  Supply Depot  
  125  10:42  Supply Depot  
  125  10:48  Supply Depot, Marine x4  
  125  10:49  Supply Depot  
  132  10:50  Supply Depot  
  132  10:52  Supply Depot  
  132  11:00  Marauder  
  134  11:06  Marine x4  
  138  11:15  Medivac x2  
  138  11:17  Unknown  
  145  11:22  Marauder  
  145  11:24  Marine  
  120  11:40  Marine x2  
  120  11:41  Marine  
  120  11:42  Marine  
  120  11:43  Marauder  
  120  11:45  Medivac x2  
  120  11:46  Unknown  
  128  11:58  Marine  
  129  12:04  Marauder  
  131  12:14  Unknown  
  134  12:26  Marauder  
  132  12:43  Unknown, Marauder  
  133  12:47  Marauder  
  130  12:55  Marine x3  
  130  12:56  Marine  
  125  13:03  Siege Tank  
  125  13:04  Siege Tank, Marauder  
  127  13:09  Marauder  
  129  13:13  Marine x3  
  129  13:14  Marine  
  133  13:26  Marauder  
  135  13:30  Marauder  
  135  13:31  Marine x4  
  141  13:35  Siege Tank  
  141  13:36  Siege Tank  
  147  13:47  Marauder  
  149  13:51  Marauder  
  144  14:02  Marine x4  
Show
View Real Time Build Order
Export as new Build Order

Omachucador Terran - Winner!

Build Orders: Banshee Rush 

Get SALT Encoding   

  12  0:01  SCV  
  13  0:23  Supply Depot  
  13  0:25  SCV  
  14  0:38  Refinery  
  14  0:42  SCV  
  15  0:48  Barracks  
  15  1:01  SCV  
  16  1:13  SCV  
  17  1:23  Barracks  
  17  1:26  SCV  
  18  1:35  Refinery  
  18  1:36  Marine  
  18  1:38  SCV  
  20  1:47  Factory  
  20  1:50  SCV  
  21  1:56  Marine  
  22  2:09  Orbital Command  
  22  2:32  Starport  
  22  2:33  Starport  
  22  2:37  SCV  
  23  2:57  Supply Depot  
  23  3:08  Factory Tech Lab  
  23  3:09  Starport Tech Lab  
  23  3:10  Starport Tech Lab  
  23  3:28  Banshee  
  23  3:29  Banshee  
  29  3:39  Engineering Bay  
  29  3:42  Cloaking Field  
  29  3:45  SCV  
  29  3:47  Marine  
  31  4:04  Missile Turret  
  31  4:10  Missile Turret  
  31  4:18  Supply Depot  
  31  4:25  Supply Depot  
  31  4:39  Raven, Siege Tank, Marine x2  
  31  4:45  Supply Depot  
  38  4:57  Marine  
  39  5:09  Marine  
  40  5:15  Marine  
  40  5:17  SCV  
  42  5:26  Marine  
  43  5:29  SCV  
  43  5:32  Marine  
  42  5:44  Medivac  
  44  5:56  Marine x2  
  46  5:58  Siege Tank  
  49  6:14  Medivac  
  49  6:16  Terran Infantry Weapons Level 1  
  51  6:19  Command Center  
  51  6:20  Armory  
  51  6:22  Supply Depot  
  51  6:35  Barracks Tech Lab  
  51  6:37  Barracks Reactor  
  48  7:04  Medivac x2  
  52  7:10  Factory  
  52  7:33  Barracks  
  52  7:35  Barracks  
  52  7:43  Stimpack  
  52  7:48  SCV x2  
  54  7:53  Terran Vehicle Weapons Level 1  
  54  8:00  SCV x2  
  56  8:12  SCV  
  57  8:13  SCV  
  57  8:15  Refinery  
  57  8:16  Refinery  
  57  8:19  Factory Tech Lab  
  58  8:26  Missile Turret  
  58  8:29  Missile Turret  
  58  8:37  Marine x5  
  63  8:46  Missile Turret  
  63  8:55  Marine x5  
  68  9:12  Marine  
  68  9:13  Marine x4  
  73  9:21  Siege Tank  
  73  9:23  Siege Tank  
  78  9:31  Supply Depot  
  78  9:48  Supply Depot  
  78  9:53  SCV, Marine x3, Viking x2  
  86  10:10  SCV  
  87  10:23  Viking x2  
  91  10:35  Terran Vehicle Weapons Level 2, Terran Infantry Weapons Level 2  
  91  10:42  SCV x2  
  93  10:46  Marine  
  94  10:50  Supply Depot  
  94  10:54  Supply Depot  
  94  11:11  Marine x4  
  94  11:12  SCV, Marauder  
  101  11:20  Siege Tank x2  
  107  11:29  Marine x3  
  110  11:33  Marine  
  110  11:34  Marauder  
  77  11:47  Marine x3  
  77  11:51  Raven, Marine  
  83  11:55  Marine  
  84  12:05  Marine x3  
  87  12:09  Marine  
  87  12:13  Marine  
  89  12:22  Raven  
  91  12:23  Marine x3  
  91  12:26  Marine  
  92  12:31  Marine  
  86  12:40  Marine x3  
  84  12:44  Marine  
  84  12:49  Marine  
  86  12:58  Marine x3  
  86  13:02  Marine  
  90  13:07  Marine  
  91  13:16  Marine x3  
  94  13:20  Marine  
  94  13:24  Marine  
  96  13:34  Marine x3  
  96  13:38  Marine  
  100  13:42  Marine  
Tags
 
Add a new tag
Caveats
  • Supply blocks, unpowered buildings, or Contaminate may cause inaccurate times.
  • Supply counts are checked every 10 seconds.